 Dungeon Crawl Stone Soup version 0.31-a0-986-g5e6e4ef867 (webtiles) character file.

Game seed: 1972390726968423444

9307 Xavori the Ducker (level 11, -20/79 HPs)
             Began as a Djinni Chaos Knight on Nov 8, 2023.
             Was a Plaything of Xom.
             Demolished by a komodo dragon (shapeshifter) (22 damage)
             ... on level 9 of the Dungeon.
             The game lasted 00:15:21 (12555 turns).

Xavori the Ducker (Djinni Chaos Knight)            Turns: 12555, Time: 00:15:22

Health: -20/79     AC: 23    Str: 11    XL:     11   Next: 72%
Gold:   373        EV: 14    Int: 17    God:    Xom [.....*] SH:  0 Dex: 16

rFire   + + .        a - +0 falchion (chaos)
rCold   x . .        (no shield)
rNeg    + . .        B - +5 ring mail of Futudd {Int+2}
rPois   ∞            (helmet restricted)
rElec   .            o - +0 cloak
rCorr   .            j - +2 pair of gloves
SInv    .            (boots unavailable)
Will    +....        (no amulet)
Stlth   +            k - +4 ring of protection
HPRegen 0.33/turn    t - ring of positive energy
MPRegen 0.00/turn

%: infuse magic (-21 HP)
@: flying
A: sickness immunity, fire resistance 2, cold vulnerability 1, float, innate
caster, HP casting, extra vitality 1, antennae 1, iridescent scales 1, shaggy
fur 1, noise suppression
a: Renounce Religion


You were on level 9 of the Dungeon.
You worshipped Xom.
You were Xom's teddy bear.
You visited 1 branch of the dungeon, and saw 9 of its levels.
You also visited: Ossuary and Bailey.

You collected 483 gold pieces.
You spent 110 gold pieces at shops.

Inventory:

Hand Weapons
 a - a +0 falchion of chaos (weapon)
Armour
 b - a +2 leather armour
 j - a +2 pair of gloves (worn)
 o - a +0 cloak (worn)
 B - the +5 ring mail of Futudd (worn) {Int+2}
   (You found it on level 5 of the Dungeon)

   Int+2:     It affects your intelligence (+2).
Jewellery
 k - a +4 ring of protection (left hand)
 t - a ring of positive energy (right hand)
Wands
 l - a wand of quicksilver (6)
 w - a wand of roots (5)
 A - a wand of flame (22)
Scrolls
 c - a scroll of butterflies
 f - 2 scrolls of immolation
 h - 6 scrolls of teleportation
 i - 3 scrolls of poison
 n - 5 scrolls of fear
 s - 2 scrolls of revelation
 v - 2 scrolls of vulnerability
 y - 3 scrolls of identify
 E - a scroll of blinking
 F - a scroll of enchant weapon
 G - 3 scrolls of enchant armour
Potions
 d - 3 potions of brilliance
 e - 2 potions of might
 g - a potion of heal wounds
 m - a potion of haste
 p - a potion of cancellation
 q - a potion of mutation {unknown}
 r - 3 potions of enlightenment {unknown}
 u - a potion of invisibility {unknown}
 x - a potion of resistance {unknown}
 z - 6 potions of curing {unknown}
 C - a potion of attraction {unknown}
 H - a potion of magic {unknown}
Miscellaneous
 D - a tin of tremorstones (2/2)


   Skills:
 + Level 7.5 Fighting
 + Level 6.8 Long Blades
 + Level 6.8 Armour
 + Level 7.8 Dodging
 * Level 6.5 Spellcasting
 * Level 6.5 Conjurations
 * Level 6.5 Hexes
   Level 0.0 Charms
 * Level 6.5 Summonings
 * Level 6.5 Necromancy
 * Level 6.5 Translocations
 * Level 6.5 Transmutations
 * Level 6.5 Fire Magic
 * Level 6.5 Ice Magic
 * Level 6.5 Air Magic
 * Level 6.5 Earth Magic
 * Level 6.5 Poison Magic
 + Level 6.6 Evocations


You knew the following spells:

 Your Spells              Type           Power      Damage    Failure   Level
a - Summon Small Mammal   Summ           100%       N/A       1%          1
b - Static Discharge      Conj/Air       54%        3-6/arc   2%          2
c - Call Canine Familiar  Summ           27%        N/A       5%          3
d - Petrify               Tmut/Erth      27%        N/A       17%         4
e - Alistair's Intoxicat  Tmut/Pois      18%        N/A       43%         5
Your spell library was empty.

Dungeon Overview and Level Annotations

Branches:
Dungeon (9/15)             Temple (0/1) D:6            Lair (0/5) D:8
Ossuary (visited)          Bailey (visited)
    Orc: D:9-12

Altars:
Elyvilon
Fedhas
Gozag
Xom
Yredelemnul

Shops:
D:2 ?

Annotations:
D:8 1 runed translucent door
Abyss:1 timneilson's ghost, novice GrFi


Innate Abilities, Weirdness & Mutations

You are immune to sickness and miasma.
You are immune to poison.
Your flesh is very heat resistant. (rF++)
You are vulnerable to cold. (rC-)
You float through the air rather than walking.
You learn spells naturally, not from books.
Your magical power is your life essence.
You have superior vitality. (+4 MHP)
You have a pair of small antennae on your head.
You are partially covered in iridescent scales. (AC +2)
You are covered in fur. (AC +1)
You passively dampen the noise of your surroundings.


Message History

You closely miss the komodo dragon. The orc misses you.
The komodo dragon closely misses you.
You closely miss the komodo dragon. The orc barely misses you.
The komodo dragon bites you but does no damage.
You hit the komodo dragon but do no damage.
The komodo dragon seems to slow down.
The komodo dragon is no longer moving slowly.
The orc hits you but does no damage.
You closely miss the komodo dragon. The orc barely misses you.
The komodo dragon bites you!!
You barely miss the komodo dragon. The orc closely misses you.
The komodo dragon bites you.
You hit the komodo dragon but do no damage.
The orc misses you. The komodo dragon barely misses you.
You are too injured to fight recklessly!
You are too injured to fight recklessly!
You barely miss the komodo dragon. The orc hits you but does no damage.
The komodo dragon completely misses you.
You closely miss the komodo dragon. The orc misses you.
The komodo dragon barely misses you.
You hit the komodo dragon but do no damage.
The orc hits you but does no damage.
The komodo dragon completely misses you.
You completely miss the komodo dragon.
The orc hits you from afar with a +0 trident.
The komodo dragon closely misses you.
You closely miss the komodo dragon. The orc completely misses you.
The komodo dragon bites you!
You hit the komodo dragon but do no damage.
The komodo dragon seems to grow stronger.
The orc hits you but does no damage. The komodo dragon bites you!!
* * * LOW HITPOINT WARNING * * *
Xom roars with laughter!
You are too injured to fight recklessly!
You hit the komodo dragon but do no damage.
The orc closely misses you. The komodo dragon misses you.
You barely miss the komodo dragon. The orc barely misses you.
The komodo dragon bites you!!
You die...
Xom chuckles heartily!

.......# #..<..#......<...#
.......# #................#
.......# ###..............#
.#.....# ##.........)...#*
.##....# ##.............#
.......## #.##..........#
.###....#######.###......##.#
,,,####............##...##*.#
,,,,,*##########@#......#***#
,*,,,,,,,,,,,,,#l#*####..,****
,*******,......oz..#****,,,,,*
,* *,......#......,,,,,,,* ,*
*,........#..###******* **
**#####*#......,**
###.###.,****** *,.,,,.,,,,,*
**#,,,,>,,,,*


You could see a komodo dragon shaped shifter (strong, agile), a wight and an
orc.

Vanquished Creatures
  2 trolls
  Sigmund (D:3)
  13 yaks
  A basilisk (D:8)
  2 water moccasins
  9 orc warriors
  A sky beast (D:7)
  2 ice beasts
  4 black bears
  A wolf (D:8)
  13 centaurs
  A phantom (D:3)
  2 kobold brigands
  2 bullfrogs
  2 scorpions
  3 water moccasin zombies (Ossuary)
  4 wights
  2 howler monkeys (D:7)
  8 orc priests
  4 hounds
  A jelly (D:7)
  Crazy Yiuf (D:5)
  A bullfrog skeleton (D:7)
  2 sleepcaps
  2 iguanas
  6 orc wizards
  A scorpion zombie (D:7)
  2 mummies (Ossuary)
  3 gnolls (D:5)
  4 howler monkey skeletons (D:7)
  5 adders
  A shadow imp (D:5)
  A white imp (D:4)
  A nameless horror (D:6)
  An adder zombie (Ossuary)
  2 worms (D:3)
  2 dart slugs
  49 orcs
  3 ball pythons
  9 endoplasms
  13 giant cockroaches
  7 gnoll zombies (Ossuary)
  5 hobgoblins
  15 kobolds
  3 quokkas
  3 bats
  4 frilled lizards
  6 goblins
  3 hobgoblin zombies (Ossuary)
  7 kobold zombies (Ossuary)
  8 orc zombies (Ossuary)
  2 rats (D:2)
250 creatures vanquished.

Vanquished Creatures (collateral kills)
  A wyvern (D:8)
  2 basilisks (D:8)
  A water moccasin (D:8)
  A black bear (D:8)
  5 orc warriors
  3 centaurs
  Blork the orc (D:4)
  A scorpion (D:5)
  A wight (D:6)
  An electric eel (D:8)
  An orc priest (D:8)
  2 orc wizards
  A gnoll (D:5)
  12 orcs
33 creatures vanquished.

Vanquished Creatures (others)
  2 orc zombies
2 creatures vanquished.

Grand Total: 285 creatures vanquished

Notes
Turn   | Place    | Note
-------+----------+-------------------------------------------
     0 | D:1      | Xavori the Djinni Chaos Knight began the quest for the Orb.
     0 | D:1      | Reached XP level 1. HP: 20/20 MP: 0/0
    13 | D:1      | XOM: butterfly on damage
    53 | D:1      | Reached XP level 2. HP: 24/25 MP: 0/0
    89 | D:1      | XOM: silly message
   151 | D:1      | XOM is BORED!
   151 | D:1      | XOM: silly message
   853 | D:1      | XOM: cloud trail
  1314 | D:1      | XOM: silly message
  1575 | D:1      | XOM: silly message
  1624 | D:1      | XOM: cloud trail
  1641 | D:1      | XOM: god gift: book of Geomancy
  1667 | D:1      | XOM: noise
  2595 | D:1      | XOM: scenery: create altars
  2649 | D:1      | XOM: give mutations
  2649 | D:1      | Gained mutation: You passively dampen the noise of your
                  | surroundings. [Xom's grace]
  2649 | D:1      | Gained mutation: You are partially covered in iridescent
                  | scales. (AC +2) [Xom's grace]
  2860 | D:2      | Reached XP level 3. HP: 29/30 MP: 0/0
  2860 | D:2      | Learned a level 1 spell: Summon Small Mammal
  2922 | D:2      | You are sucked into a shaft and drop 1 floor!
  2966 | D:3      | Reached skill level 1 in Spellcasting
  2966 | D:3      | Reached skill level 1 in Conjurations
  2966 | D:3      | Reached skill level 1 in Hexes
  2966 | D:3      | Reached skill level 1 in Summonings
  2966 | D:3      | Reached skill level 1 in Necromancy
  2966 | D:3      | Reached skill level 1 in Translocations
  2966 | D:3      | Reached skill level 1 in Transmutations
  2966 | D:3      | Reached skill level 1 in Fire Magic
  2966 | D:3      | Reached skill level 1 in Ice Magic
  2966 | D:3      | Reached skill level 1 in Air Magic
  2966 | D:3      | Reached skill level 1 in Earth Magic
  2966 | D:3      | Reached skill level 1 in Poison Magic
  3028 | D:3      | Reached XP level 4. HP: 20/35 MP: 0/0
  3069 | D:3      | XOM: divination: magic mapping
  3164 | D:2      | Found Kuodil's Magic Scroll Boutique.
  3187 | D:2      | Bought a scroll of teleportation for 30 gold pieces
  3223 | D:2      | Found a faded altar of an unknown god.
  3238 | D:2      | XOM: cloud trail
  3351 | D:2      | XOM: give mutation
  3351 | D:2      | Gained mutation: You have a pair of small antennae on your
                  | head. [Xom's grace]
  3373 | D:2      | XOM: polymorph giant cockroach -> rat
  3579 | D:3      | Noticed a phantom
  3582 | D:3      | XOM: cast spell 'Cause Fear'
  3588 | D:3      | Killed a phantom
  3589 | D:3      | Reached skill level 1 in Evocations
  3589 | D:3      | Reached XP level 5. HP: 33/40 MP: 0/0
  3589 | D:3      | Learned a level 2 spell: Static Discharge
  3815 | D:3      | XOM: god gift: steel ring {god gift}
  3841 | D:3      | Noticed Sigmund
  3845 | D:3      | XOM: enchant monster (good)
  3847 | D:3      | XOM: enchant monster (bad)
  3851 | D:3      | Killed Sigmund
  3852 | D:3      | Reached XP level 6. HP: 47/47 MP: 0/0
  4316 | D:2      | Bought a scroll of fear for 40 gold pieces
  4316 | D:2      | Bought a scroll of identify for 20 gold pieces
  4316 | D:2      | Bought a scroll of identify for 20 gold pieces
  4715 | D:4      | Reached XP level 7. HP: 51/51 MP: 0/0
  4715 | D:4      | Learned a level 3 spell: Call Canine Familiar
  4853 | D:4      | Noticed Blork the orc
  4869 | D:4      | Killed Blork the orc
  5301 | D:4      | XOM: blink monster(s)
  5460 | D:4      | XOM: enchant monster (bad)
  5670 | D:4      | Reached XP level 8. HP: 8/58 MP: 0/0
  5843 | D:4      | XOM: stat loss: -1 Str (10/11)
  5864 | D:4      | Found a large runed translucent door.
  5864 | D:4      | Found a large runed translucent door.
  5865 | D:4      | Noticed timneilson's ghost (novice GrFi)
  5925 | D:4      | Found an opulent altar of Gozag.
  5925 | D:4      | Found a blossoming altar of Fedhas.
  5927 | D:4      | XOM: summons 2 hostile demons
  6029 | D:4      | Banished timneilson's ghost
  6073 | D:5      | Entered Level 5 of the Dungeon
  6278 | D:5      | Identified the +5 ring mail of Futudd {Int+2}
  6309 | D:5      | Found a runed translucent door.
  6310 | D:5      | Noticed Crazy Yiuf
  6367 | D:5      | XOM: potion effect (haste)
  6410 | D:5      | XOM: noise
  6683 | D:5      | Killed Crazy Yiuf
  6685 | D:5      | XOM: give mutations
  6685 | D:5      | Gained mutation: Your spells are a little harder to cast,
                  | but a little more powerful. [Xom's grace]
  6685 | D:5      | Gained mutation: You are covered in fur. (AC +1) [Xom's
                  | grace]
  6840 | D:6      | Reached skill level 5 in Fighting
  6840 | D:6      | Reached XP level 9. HP: 56/65 MP: 0/0
  6840 | D:6      | Learned a level 4 spell: Petrify
  6863 | D:6      | XOM: god gift: 34 gold pieces
  6881 | D:6      | Found a staircase to the Ecumenical Temple.
  7043 | D:6      | XOM: stat loss: -1 Dex (15/16)
  7146 | D:6      | Reached skill level 5 in Dodging
  7156 | D:6      | XOM: blink monster(s)
  7338 | D:6      | Found a white marble altar of Elyvilon.
  7410 | D:6      | XOM: give mutations
  7410 | D:6      | Gained mutation: You are mostly covered in iridescent
                  | scales. (AC +4) [Xom's mischief]
  7410 | D:6      | Lost mutation: Your spells are a little harder to cast, but
                  | a little more powerful. [Xom's mischief]
  7410 | D:6      | Lost mutation: You are mostly covered in iridescent scales.
                  | (AC +4) [Xom's mischief]
  7440 | D:6      | XOM: enchant monster (bad)
  7455 | D:6      | XOM: confuse monster(s)
  8091 | D:7      | XOM: silly message
  8122 | D:7      | Reached skill level 5 in Long Blades
  8128 | D:7      | XOM: enchant monster (good)
  8129 | D:7      | XOM: potion effect (heal wounds)
  8295 | D:7      | Found a sand-covered staircase.
  8326 | Ossuary  | Entered an ossuary
  8388 | Ossuary  | XOM: noise
  8393 | Ossuary  | XOM: fake destruction
  8475 | Ossuary  | XOM: cast spell 'Summon Ice Beast'
  8599 | D:7      | XOM: noise
  8615 | D:7      | XOM: noise
  8617 | D:7      | XOM: fake destruction
  8619 | D:7      | Reached skill level 5 in Armour
  8619 | D:7      | Reached XP level 10. HP: 57/72 MP: 0/0
  9013 | D:7      | Reached skill level 5 in Spellcasting
  9013 | D:7      | Reached skill level 5 in Conjurations
  9013 | D:7      | Reached skill level 5 in Hexes
  9013 | D:7      | Reached skill level 5 in Summonings
  9013 | D:7      | Reached skill level 5 in Necromancy
  9013 | D:7      | Reached skill level 5 in Translocations
  9013 | D:7      | Reached skill level 5 in Transmutations
  9013 | D:7      | Reached skill level 5 in Fire Magic
  9013 | D:7      | Reached skill level 5 in Ice Magic
  9013 | D:7      | Reached skill level 5 in Air Magic
  9013 | D:7      | Reached skill level 5 in Earth Magic
  9013 | D:7      | Reached skill level 5 in Poison Magic
  9394 | D:8      | Reached skill level 5 in Evocations
  9415 | D:8      | Found a staircase to the Lair.
  9942 | D:8      | Found a runed translucent door.
 10001 | D:8      | Found a basalt altar of Yredelemnul.
 10016 | D:8      | XOM: 1-stop teleportation journey
 10272 | D:8      | XOM: summons friendly iron imp
 10280 | D:8      | XOM: fog
 10284 | D:8      | XOM: noise
 10289 | D:8      | Reached XP level 11. HP: 73/78 MP: 0/0
 10289 | D:8      | Learned a level 5 spell: Alistair's Intoxication
 10623 | D:9      | XOM: scenery: summon butterflies
 10663 | D:9      | XOM: 2-stop teleportation journey
 10839 | D:9      | XOM: 1-stop teleportation journey
 10848 | D:9      | XOM: enchant monster (good)
 10853 | D:9      | XOM: scenery: create altars
 10945 | D:9      | XOM: summons 4 hostile shadow creatures
 10946 | D:9      | Noticed a two-headed ogre
 10962 | D:9      | Found a flagged portal.
 10962 | D:9      | HP: 3/79 [wight/+4 spear of freezing[Xom] (3)]
 10970 | Bailey   | Entered a bailey
 11198 | Bailey   | XOM: noise
 11226 | Bailey   | XOM: polymorph orc -> frilled lizard
 11246 | Bailey   | XOM: silly message
 11384 | Bailey   | XOM: cast spell 'Leda's Liquefaction'
 11561 | Bailey   | XOM: confusion (+ monsters)
 11573 | Bailey   | XOM: cast spell 'Monstrous Menagerie'
 11678 | Bailey   | XOM: 4-stop teleportation journey
 11870 | Bailey   | XOM: enchant monster (good)
 11968 | Bailey   | XOM: summons friendly iron imp
 12328 | Bailey   | XOM: summons friendly crimson imp
 12420 | D:9      | XOM: summons 3 friendly demons
 12451 | D:9      | XOM: polymorph crimson imp -> cerulean imp
 12528 | D:9      | XOM: fog
 12531 | D:9      | XOM: polymorph orc -> shapeshifter
 12553 | D:9      | HP: 1/79 [komodo dragon (shapeshifter) (29)]
 12555 | D:9      | Demolished by a komodo dragon (shapeshifter)

Illustrated notes

Levels and vault maps discovered:
D:1:      roadster_arrival_rocket_large, layout_rooms
D:2:      minmay_roachtagon, layout_basic,
          shapermc_ecumenical_altar_starsandcircs, serial_shops,
          nicolae_shop_stone, minmay_pentomino_q2
D:3:      layout_basic, lemuel_tele_altar, uniq_sigmund
D:4:      layout_basic, gammafunk_temple_overflow_elements,
          ebering_ghost_disaster_area, uniq_blork_the_orc
D:5:      layout_gridville, minmay_strange_pillars, uniq_crazy_yiuf_cottage
D:6:      layout_loops_ring, lemuel_crystal_altar, minmay_temple_entry_slanted,
          hex_large
D:7:      layout_cave_pods, mainiacjoe_ossuary_entry_find_the_door
D:8:      layout_basic, dk_yredelemnul_ordeal, minmay_lair_entry_grove
D:9:      layout_rooms, enter_bailey_2

Skill      XL: |  1  2  3  4  5  6  7  8  9 10 11 |
---------------+----------------------------------+-----
Long Blades    | 3 4 5 6 |  6.8
Spellcasting   | 1 2 3 4 5 6 |  6.5
Conjurations   | 1 2 3 4 5 6 |  6.5
Hexes          | 1 2 3 4 5 6 |  6.5
Summonings     | 1 2 3 4 5 6 |  6.5
Necromancy     | 1 2 3 4 5 6 |  6.5
Translocations | 1 2 3 4 5 6 |  6.5
Transmutations | 1 2 3 4 5 6 |  6.5
Fire Magic     | 1 2 3 4 5 6 |  6.5
Ice Magic      | 1 2 3 4 5 6 |  6.5
Air Magic      | 1 2 3 4 5 6 |  6.5
Earth Magic    | 1 2 3 4 5 6 |  6.5
Poison Magic   | 1 2 3 4 5 6 |  6.5
Armour         | 2 3 4 5 6 |  6.8
Dodging        | 3 4 5 7 |  7.8
Evocations     | 1 2 3 4 5 6 |  6.6
Fighting       | 4 5 6 7 |  7.5

Action                     |  1- 3 |  4- 6 |  7- 9 | 10-12 || total
---------------------------+-------+-------+-------+-------++-------
  Melee: Falchion          |    82 |   146 |   534 |   586 ||  1348
         Punch             |     1 |       |     4 |    14 ||    19
   Cast: Static Discharge  |       |     1 |       |       ||     1
         Call Canine Famil |       |       |    10 |    20 ||    30
         Summon Small Mamm |       |       |     1 |     2 ||     3
         Petrify           |       |       |       |     8 ||     8
  Evoke: Wand              |       |       |     3 |     4 ||     7
    Use: Scroll            |       |     6 |    10 |     2 ||    18
         Potion            |       |       |       |     1 ||     1
   Stab: Confused          |     1 |       |       |     2 ||     3
         Betrayed ally     |       |     1 |       |       ||     1
         Sleeping          |       |     1 |     3 |       ||     4
         Distracted        |       |       |     3 |     6 ||     9
         Petrified         |       |       |    15 |    34 ||    49
         Petrifying        |       |       |     2 |     7 ||     9
         Paralysed         |       |       |       |    10 ||    10
 Armour: Leather armour    |    50 |   104 |   222 |       ||   376
         Ring mail         |       |       |   129 |   589 ||   718
  Dodge: Dodged            |    56 |   112 |   341 |   586 ||  1095

Table legend: (Time is in decaauts)
 A = Elapsed time spent in this place.
 B = Non-inter-level travel time spent in this place.
 C = Inter-level travel time spent in this place.
 D = Time resting spent in this place.
 E = Time spent auto-exploring this place.
 F = Levels seen in this place.
 G = Mean time per level.
                   A        B        C        D        E       F      G
               +--------+--------+--------+--------+--------+-----+--------+
         Total |  12603 |  12289 |    314 |   3850 |   5802 |  11 | 1145.7 |
       Dungeon |  10918 |  10604 |    314 |   3495 |   5129 |   9 | 1213.1 |
       Ossuary |    245 |    245 |      0 |      0 |     78 |   1 |  245.0 |
        Bailey |   1438 |   1438 |      0 |    355 |    595 |   1 | 1438.0 |
               +--------+--------+--------+--------+--------+-----+--------+

Top non-repeatable levels by time:
     D:1: 2821 daAuts
     D:4: 1546 daAuts
     D:8: 1471 daAuts
  Bailey: 1438 daAuts
     D:6: 1157 daAuts
     D:3: 1133 daAuts
     D:7: 1049 daAuts
     D:5: 732 daAuts
     D:2: 619 daAuts
     D:9: 387 daAuts
 Ossuary: 245 daAuts
